SKY
INDIANAPOLIS IGNITION @ MONTREAL EXPOS
05/06/2052
 
TOP OF THE 1ST
Indianapolis Ignition batting - Pitching for Montreal Expos : LHP John Sullivan
Pitching: LHP John Sullivan
Batting: RHB Wendell Dominique 0-0: Called Strike
0-1: Ball
1-1: Ball
2-1: Foul Ball, location: 25F
2-2: Ground out 4-3 (Groundball, 4, EV 106.9 MPH)
Batting: RHB Jason Stafford 0-0: Foul Ball, location: 9LDF
0-1: Called Strike
0-2: Ball
1-2: Fly out, F8 (Flyball, 8RD, EV 101.3 MPH)
Batting: LHB Ryan Penryn 0-0: Ball
1-0: Ball
2-0: Ground out 4-3 (Groundball, 34D, EV 94.4 MPH)
Top of the 1st over - 0 runs, 0 hits, 0 errors, 0 left on base; Indianapolis 0 - Montreal 0
BOTTOM OF THE 1ST
Montreal Expos batting - Pitching for Indianapolis Ignition : RHP Jason Hartman
Pitching: RHP Jason Hartman
Batting: LHB Daryl Henderson 0-0: Ball
1-0: Called Strike
1-1: Swinging Strike
1-2: Ball
2-2: Foul Ball, location: 7LSF
2-2: SINGLE (Groundball, 4S, EV 76.3 MPH) (infield hit)
Batting: RHB Brian Ottman 0-0: Ball
1-0: Grounds out, U3 (Groundball, 3L, EV 86.9 MPH)
Batting: LHB Jimmy Miramontes 0-0: Called Strike
0-1: Ball
1-1: Swinging Strike
1-2: Ball
2-2: Ball
3-2: Foul Ball, location: 23F
3-2: Ground out 2-3 (Groundball, 2L, EV 63.1 MPH)
Daryl Henderson to third
Batting: LHB Valentin Suárez 0-0: Foul Ball, location: 2F
0-1: Ball
1-1: Foul Ball, location: 5F
1-2: Ball
2-2: Ball
3-2: Fly out, F3 (Popup, 3S, EV 80.6 MPH)
Bottom of the 1st over - 0 runs, 1 hit, 0 errors, 1 left on base; Indianapolis 0 - Montreal 0
TOP OF THE 2ND
Indianapolis Ignition batting - Pitching for Montreal Expos : LHP John Sullivan
Batting: LHB Belero Aguilar 0-0: Called Strike
0-1: Ball
1-1: Called Strike
1-2: Foul Ball, location: 25F
1-2: Ball
2-2: Foul Ball, location: 2F
2-2: Ground out 3-1 (Groundball, 34S, EV 81.3 MPH)
Batting: SHB Benjamin Nang 0-0: Ball
1-0: DOUBLE (Line Drive, 5D, EV 96.9 MPH)
Batting: LHB Brandon Wright 0-0: Ball
1-0: Swinging Strike
1-1: Foul Ball, location: 3F
1-2: Fly out, F7 (Flyball, 7, EV 80.0 MPH)
Batting: SHB Randy Kennedy 0-0: Called Strike
0-1: Swinging Strike
0-2: Ball
1-2: Ball
2-2: Foul Ball, location: 2F
2-2: Foul Ball, location: 2F
2-2: Foul Ball, location: 9LDF
2-2: Ball
3-2: Foul Ball, location: 23F
3-2: Strikes out looking
Top of the 2nd over - 0 runs, 1 hit, 0 errors, 1 left on base; Indianapolis 0 - Montreal 0
BOTTOM OF THE 2ND
Montreal Expos batting - Pitching for Indianapolis Ignition : RHP Jason Hartman
Batting: LHB Joe Edwards 0-0: Called Strike
0-1: Fly out, F7 (Flyball, 78D, EV 93.8 MPH)
Batting: RHB Ricky Sytsma 0-0: Called Strike
0-1: Ground out 5-3 (Groundball, 56, EV 90.6 MPH)
Batting: RHB Jin-Seo Yun 0-0: Ball
1-0: Ground out 4-3 (Groundball, 4S, EV 80.6 MPH)
Bottom of the 2nd over - 0 runs, 0 hits, 0 errors, 0 left on base; Indianapolis 0 - Montreal 0
TOP OF THE 3RD
Indianapolis Ignition batting - Pitching for Montreal Expos : LHP John Sullivan
Batting: RHB Grayson Potts 0-0: Ball
1-0: Foul Ball, location: 9LDF
1-1: Ball
2-1: DOUBLE (Line Drive, 7LS, EV 103.1 MPH)
Pitching: RHP Max Mangan
Batting: LHB E.J. Sadowski 0-0: Ball
1-0: Ball
2-0: Called Strike
2-1: Ball
3-1: Fly out, F7 (Flyball, 7LM, EV 91.9 MPH)
Batting: RHB Wendell Dominique 0-0: Ball
1-0: Ball
2-0: Called Strike
2-1: Foul Ball, location: 7LDF
2-2: Foul Ball, location: 5FF
2-2: Foul Ball, location: 2F
2-2: Foul Ball, location: 5FF
2-2: DOUBLE (Line Drive, 7LM, EV 95.6 MPH)
Grayson Potts scores
Batting: RHB Jason Stafford 0-0: Called Strike
0-1: Called Strike
Wendell Dominique steals 3rd base
0-2: Ball
1-2: Foul Ball, location: 2F
1-2: Ball
2-2: Ball
3-2: Foul Ball, location: 25F
3-2: Foul Ball, location: 3FF
3-2: Foul Ball, location: 2F
3-2: Foul Ball, location: 7LSF
3-2: Base on Balls
Batting: LHB Ryan Penryn 0-0: Fly out, F9 (Flyball, 9, EV 94.4 MPH)
Runner from 3rd tags up, SCORES, throw by RF
Batting: LHB Belero Aguilar 0-0: Ball
1-0: Ball
2-0: Foul Ball, location: 3FF
2-1: Ball
3-1: Called Strike
3-2: 2-RUN HOME RUN (Flyball, 9LD, EV 90.6 MPH), Distance : 350 ft
Batting: SHB Benjamin Nang 0-0: Ball
1-0: Foul Ball, location: 2F
1-1: Hit by Pitch
Batting: LHB Brandon Wright 0-0: Ball
1-0: Foul Ball, location: 3FF
1-1: Ball
2-1: Ball
3-1: Ground out 4-3 (Groundball, 34D, EV 101.3 MPH)
Top of the 3rd over - 4 runs, 3 hits, 0 errors, 1 left on base; Indianapolis 4 - Montreal 0
BOTTOM OF THE 3RD
Montreal Expos batting - Pitching for Indianapolis Ignition : RHP Jason Hartman
Batting: RHB Rusty Reffitt 0-0: Ground out 5-3 (Groundball, 56S, EV 90.6 MPH)
Batting: LHB Hugo Texido 0-0: Foul Ball, location: 2F
0-1: Ground out U3 (Groundball, 3D, EV 106.3 MPH)
Batting: LHB Daryl Henderson 0-0: Ball
1-0: Swinging Strike
1-1: DOUBLE (Line Drive, 78D, EV 103.1 MPH)
Batting: RHB Brian Ottman 0-0: Fly out, F9 (Flyball, 9S, EV 91.9 MPH)
Bottom of the 3rd over - 0 runs, 1 hit, 0 errors, 1 left on base; Indianapolis 4 - Montreal 0
TOP OF THE 4TH
Indianapolis Ignition batting - Pitching for Montreal Expos : RHP Max Mangan
Pitching: RHP Bob Charles
Batting: SHB Randy Kennedy 0-0: Ball
1-0: DOUBLE (Flyball, 8LXD, EV 97.5 MPH)
Batting: RHB Grayson Potts 0-0: Hit by Pitch
Batting: LHB E.J. Sadowski 0-0: DOUBLE (Flyball, 8RXD, EV 95.0 MPH)
Randy Kennedy scores
Grayson Potts to third
Batting: RHB Wendell Dominique 0-0: Foul Ball, location: 2F
0-1: Foul Ball, location: 5SF
0-2: Ball
1-2: Hit by Pitch
Batting: RHB Jason Stafford 0-0: Ball
1-0: Foul Ball, location: 9LDF
1-1: Ball
2-1: Swinging Strike
2-2: Foul Ball, location: 2F
2-2: SINGLE (Line Drive, 78M, EV 107.5 MPH)
Grayson Potts scores
E.J. Sadowski to third
Wendell Dominique to second
Batting: LHB Ryan Penryn 0-0: Ball
1-0: Fly out, F7 (Flyball, 78S, EV 86.3 MPH)
Batting: LHB Belero Aguilar 0-0: Called Strike
0-1: Swinging Strike
0-2: Ball
1-2: Ball
2-2: Foul Ball, location: 3FF
2-2: Strikes out swinging
Batting: SHB Benjamin Nang 0-0: Called Strike
0-1: Foul Ball, location: 3F
0-2: Strikes out swinging
Top of the 4th over - 2 runs, 3 hits, 0 errors, 3 left on base; Indianapolis 6 - Montreal 0
BOTTOM OF THE 4TH
Montreal Expos batting - Pitching for Indianapolis Ignition : RHP Jason Hartman
Batting: LHB Jimmy Miramontes 0-0: Ball
1-0: Ball
2-0: Swinging Strike
2-1: Foul Ball, location: 3DF
2-2: Strikes out looking
Batting: LHB Valentin Suárez 0-0: Called Strike
0-1: Foul Ball, location: 2F
0-2: Ball
1-2: SINGLE (Line Drive, 34D, EV 95.6 MPH)
Batting: LHB Joe Edwards 0-0: SINGLE (Line Drive, 8RS, EV 108.8 MPH)
Valentin Suárez to second
Batting: RHB Ricky Sytsma 0-0: Ball
1-0: Swinging Strike
1-1: Foul Ball, location: 9LMF
1-2: Foul Ball, location: 2F
1-2: Fly out, F8 (Flyball, 8LD, EV 91.3 MPH)
Runner from 2nd tags up, SAFE at 3rd with throw by CF
Pitching: RHP Archer Knowles
Batting: RHB Jin-Seo Yun 0-0: Ball
1-0: Ball
2-0: Called Strike
2-1: Called Strike
2-2: Ball
3-2: Fly out, F9 (Flyball, 9, EV 83.8 MPH)
Bottom of the 4th over - 0 runs, 2 hits, 0 errors, 2 left on base; Indianapolis 6 - Montreal 0
TOP OF THE 5TH
Indianapolis Ignition batting - Pitching for Montreal Expos : RHP Bob Charles
Batting: LHB Brandon Wright 0-0: Ball
1-0: Ball
2-0: Fly out, F8 (Flyball, 8LXD, EV 93.1 MPH)
Batting: SHB Randy Kennedy 0-0: Ball
1-0: Foul Ball, location: 5FF
1-1: Swinging Strike
1-2: Ball
2-2: Ball
3-2: Strikes out looking
Batting: RHB Grayson Potts 0-0: Called Strike
0-1: Ball
1-1: Ground out 5-3 (Groundball, 56S, EV 88.1 MPH)
Top of the 5th over - 0 runs, 0 hits, 0 errors, 0 left on base; Indianapolis 6 - Montreal 0
BOTTOM OF THE 5TH
Montreal Expos batting - Pitching for Indianapolis Ignition : RHP Archer Knowles
Batting: RHB Rusty Reffitt 0-0: Ball
1-0: Fly out, F8 (Flyball, 8RD, EV 91.3 MPH)
Batting: LHB Hugo Texido 0-0: Ground out 6-3 (Groundball, 6, EV 86.3 MPH)
Batting: LHB Daryl Henderson 0-0: Ball
1-0: Fly out, F7 (Flyball, 78M, EV 91.3 MPH)
Bottom of the 5th over - 0 runs, 0 hits, 0 errors, 0 left on base; Indianapolis 6 - Montreal 0
TOP OF THE 6TH
Indianapolis Ignition batting - Pitching for Montreal Expos : RHP Bob Charles
Batting: LHB E.J. Sadowski 0-0: Ball
1-0: Foul Ball, location: 2F
1-1: Foul Ball, location: 23FF
1-2: Foul Ball, location: 3FF
1-2: Ball
2-2: Foul Ball, location: 9LMFF
2-2: Strikes out swinging
Pitching: RHP Elliott Raber
Batting: RHB Wendell Dominique 0-0: Ground out 4-3 (Groundball, 4, EV 80.6 MPH)
Batting: RHB Jason Stafford 0-0: Foul Ball, location: 2F
0-1: Foul Ball, location: 5FF
0-2: Ball
1-2: Ball
2-2: Strikes out looking
Top of the 6th over - 0 runs, 0 hits, 0 errors, 0 left on base; Indianapolis 6 - Montreal 0
BOTTOM OF THE 6TH
Montreal Expos batting - Pitching for Indianapolis Ignition : RHP Archer Knowles
Batting: RHB Brian Ottman 0-0: Ball
1-0: SINGLE (Groundball, 4S, EV 76.9 MPH) (infield hit)
Batting: LHB Jimmy Miramontes 0-0: Ball
1-0: Called Strike
1-1: Ball
2-1: Ball
3-1: Fielders Choice at 2nd, 3-6 (Groundball, 3, EV 110.6 MPH)
Batting: LHB Valentin Suárez 0-0: DOUBLE (Flyball, 78D, EV 97.5 MPH)
Jimmy Miramontes to third
Batting: LHB Joe Edwards 0-0: Foul Ball, location: 2F
0-1: Foul Ball, location: 3FF
0-2: Ball
1-2: Ball
2-2: Fly out, F7 (Flyball, 7D, EV 89.4 MPH)
Throwing error, E7
Jimmy Miramontes scores
Valentin Suárez to third
Batting: RHB Ricky Sytsma 0-0: Called Strike
0-1: Ball
1-1: Called Strike
1-2: Ball
2-2: Foul Ball, location: 2F
2-2: Foul Ball, location: 9LMF
2-2: Strikes out swinging
Bottom of the 6th over - 1 run, 2 hits, 1 error, 1 left on base; Indianapolis 6 - Montreal 1
TOP OF THE 7TH
Indianapolis Ignition batting - Pitching for Montreal Expos : RHP Elliott Raber
Batting: LHB Ryan Penryn 0-0: Foul Ball, location: 3SF
0-1: Called Strike
0-2: Ball
1-2: Ball
2-2: Ball
3-2: SINGLE (Groundball, 4, EV 104.4 MPH)
Batting: LHB Belero Aguilar 0-0: Fly out, F7 (Line Drive, 78D, EV 93.1 MPH)
Batting: SHB Benjamin Nang 0-0: Foul Ball, location: 7LDF
0-1: Foul Ball, location: 7LSF
0-2: SINGLE (Line Drive, 89S, EV 91.9 MPH)
Ryan Penryn to second
Batting: LHB Brandon Wright 0-0: Swinging Strike
0-1: Ball
1-1: Ball
2-1: Ball
3-1: Fly out, F4 (Popup, 23, EV 84.4 MPH)
Batting: SHB Randy Kennedy 0-0: Called Strike
0-1: Ball
1-1: Foul Ball, location: 7LMF
1-2: Foul Ball, location: 5F
1-2: Ball
2-2: Strikes out swinging
Top of the 7th over - 0 runs, 2 hits, 0 errors, 2 left on base; Indianapolis 6 - Montreal 1
BOTTOM OF THE 7TH
Montreal Expos batting - Pitching for Indianapolis Ignition : RHP Archer Knowles
Batting: RHB Jin-Seo Yun 0-0: Ball
1-0: Ball
2-0: Swinging Strike
2-1: Foul Ball, location: 9LDF
2-2: Ball
3-2: Strikes out looking
Batting: RHB Rusty Reffitt 0-0: Ball
1-0: Foul Ball, location: 2F
1-1: Ball
2-1: Foul Ball, location: 2F
2-2: Ground out 6-3 (Groundball, 6M, EV 100.0 MPH)
Batting: LHB Hugo Texido 0-0: Ball
1-0: Ball
2-0: Called Strike
2-1: Ball
3-1: Ground out 1-3 (Groundball, 34S, EV 65.0 MPH)
Bottom of the 7th over - 0 runs, 0 hits, 0 errors, 0 left on base; Indianapolis 6 - Montreal 1
TOP OF THE 8TH
Indianapolis Ignition batting - Pitching for Montreal Expos : RHP Elliott Raber
Pitching: LHP Justin Ayer
Batting: RHB Grayson Potts 0-0: Ball
1-0: Swinging Strike
1-1: Foul Ball, location: 3DF
1-2: Ground out 6-3 (Groundball, 6, EV 98.8 MPH)
Batting: LHB E.J. Sadowski 0-0: Ball
1-0: Swinging Strike
1-1: Foul Ball, location: 7LDF
1-2: Foul Ball, location: 2F
1-2: Ball
2-2: Strikes out swinging
Batting: RHB Wendell Dominique 0-0: Ground out 5-3 (Groundball, 56, EV 85.0 MPH)
Top of the 8th over - 0 runs, 0 hits, 0 errors, 0 left on base; Indianapolis 6 - Montreal 1
BOTTOM OF THE 8TH
Montreal Expos batting - Pitching for Indianapolis Ignition : RHP Archer Knowles
Pitching: RHP Alan Welsh
Batting: LHB Daryl Henderson 0-0: Called Strike
0-1: Foul Ball, location: 2F
0-2: Ball
1-2: SINGLE (Line Drive, 89S, EV 95.6 MPH)
Batting: RHB Brian Ottman 0-0: Ball
1-0: Ball
2-0: Foul Ball, location: 2F
2-1: Ball
Wild Pitch!
Daryl Henderson to second
3-1: Ground out 6-3 (Groundball, 6M, EV 76.3 MPH)
Daryl Henderson to third
Batting: LHB Jimmy Miramontes 0-0: Called Strike
0-1: Swinging Strike
0-2: Strikes out swinging
Batting: LHB Valentin Suárez 0-0: Ball
1-0: Swinging Strike
1-1: Called Strike
1-2: Strikes out swinging
Bottom of the 8th over - 0 runs, 1 hit, 0 errors, 1 left on base; Indianapolis 6 - Montreal 1
TOP OF THE 9TH
Indianapolis Ignition batting - Pitching for Montreal Expos : LHP Justin Ayer
Batting: RHB Jason Stafford 0-0: Swinging Strike
0-1: Ball
1-1: Ball
2-1: Ball
3-1: Base on Balls
Batting: LHB Ryan Penryn 0-0: Swinging Strike
0-1: Called Strike
0-2: Strikes out swinging
Batting: LHB Belero Aguilar 0-0: Ball
1-0: Ball
2-0: Ball
3-0: Called Strike
3-1: Foul Ball, location: 3F
3-2: Strikes out looking
Jason Stafford steals 2nd base
Batter strikes out.
Batting: SHB Benjamin Nang 0-0: Foul Ball, location: 2F
0-1: Swinging Strike
0-2: Ball
1-2: Fly out, F9 (Line Drive, 9S, EV 93.8 MPH)
Top of the 9th over - 0 runs, 0 hits, 0 errors, 1 left on base; Indianapolis 6 - Montreal 1
BOTTOM OF THE 9TH
Montreal Expos batting - Pitching for Indianapolis Ignition : RHP Alan Welsh
Batting: LHB Joe Edwards 0-0: Fly out, F5 (Popup, 5SF, EV 81.3 MPH)
Batting: RHB Ricky Sytsma 0-0: Ball
1-0: Ball
2-0: Called Strike
2-1: Ground out 6-3 (Groundball, 6, EV 106.9 MPH)
Batting: RHB Jin-Seo Yun 0-0: Ball
1-0: Ball
2-0: Swinging Strike
2-1: Foul Ball, location: 9LMF
2-2: Strikes out swinging
Bottom of the 9th over - 0 runs, 0 hits, 0 errors, 0 left on base; Indianapolis 6 - Montreal 1
Saturday, April 20th , 2024 - OOTP Baseball 24.11 Build 85